 Dungeon Crawl Stone Soup version 0.29.0-10-g45618ea6d2 (webtiles) character file.

Game seed: 1976113527997192788

20 Logoto the Firebug (level 2, -1/20 HPs)
             Began as a Hill Orc Fire Elementalist on Sept 2, 2022.
             Hit by a stone thrown by a hobgoblin (2 damage)
             ... on level 1 of the Dungeon.
             The game lasted 00:03:05 (772 turns).

Logoto the Firebug (Hill Orc Fire Elementalist)      Turns: 772, Time: 00:03:06

Health: -1/20      AC:  2    Str: 10    XL:     2   Next: 79%
Magic:  3/4        EV: 12    Int: 15    God:
Gold:   36         SH:  0    Dex: 11    Spells: 3/4 levels left

rFire   . . .      SeeInvis .   e - +0 dagger
rCold   . . .      Faith    .   (no shield)
rNeg    . . .      Spirit   .   a - +0 robe
rPois   .          Reflect  .   (no helmet)
rElec   .          Harm     .   (no cloak)
rCorr   .          Rampage  .   (no gloves)
Will    .....                   (no boots)
Stlth   ++........              (no amulet)
HPRegen 0.06/turn               (no ring)
MPRegen 0.09/turn               (no ring)

@: no status effects
A: no striking features
a: no special abilities


You were on level 1 of the Dungeon.
You visited 1 branch of the dungeon, and saw 1 of its levels.

You collected 36 gold pieces.

Inventory:

Hand Weapons
 c - a +0 club
 e - a +0 dagger (weapon)
 f - a +0 whip
Armour
 a - a +0 robe (worn)
Potions
 b - a potion of magic
 d - a potion of curing {unknown}


   Skills:
 + Level 0.1 Fighting
 + Level 1.7 Dodging
 + Level 1.6 Stealth
 + Level 1.6 Spellcasting
 + Level 1.1 Conjurations
 + Level 4.0 Fire Magic


You had 3 spell levels left.
You knew the following spells:

 Your Spells              Type           Power      Damage    Failure   Level
a - Foxfire               Conj/Fire      32%        2x1d5     9%          1

Your spell library contained the following spells:

 Spells                   Type           Power      Damage    Failure   Level
 Scorch                   Fire           26%        2d6       7%          2
 Conjure Flame            Conj/Fire      8%         6-21      24%         3
 Inner Flame              Hex/Fire       7%         N/A       30%         3
 Flame Wave               Conj/Fire      8%         2d5       63%         4


Dungeon Overview and Level Annotations

Branches:
Dungeon (1/15)

Altars:


Message History

The hobgoblin throws a stone.
The stone barely misses you.
You hit the endoplasm but do no damage.
The kobold shouts!
A goblin comes into view. It is wielding a +0 club.
The hobgoblin throws a stone.
The stone barely misses you. The endoplasm closely misses you.
You hit the endoplasm.
The endoplasm is lightly wounded.
The endoplasm freezes you.
You are frozen.
You hit the endoplasm.
The endoplasm is heavily wounded.
The hobgoblin completely misses you. The endoplasm freezes you.
You are frozen.
A quokka comes into view.
The endoplasm hits you but does no damage.
The hobgoblin hits you. The endoplasm attacks as you move away!
The endoplasm hits you. The hobgoblin attacks as you move away!
The hobgoblin misses you.
The hobgoblin throws a stone.
The stone hits you.
Casting: Foxfire (safe; 9% risk of failure)
Confirm with . or Enter, or press ? or * to list all spells.
You conjure some foxfire!
The endoplasm barely misses you.
The foxfire hits the endoplasm.
You kill the endoplasm!
The foxfire hits the hobgoblin but does no damage.
Your Fire Magic skill increases to level 4!
The hobgoblin throws a stone.
The stone closely misses you.
Casting: Foxfire (safe; 9% risk of failure)
Confirm with . or Enter, or press ? or * to list all spells.
You conjure some foxfire!
The hobgoblin attacks as you move away! The hobgoblin hits you.
The foxfire hits the hobgoblin but does no damage. x2
The hobgoblin attacks as you move away! The hobgoblin hits you.
* * * LOW HITPOINT WARNING * * *
The hobgoblin throws a stone.
The stone hits you.
* * * LOW HITPOINT WARNING * * *
The hobgoblin throws a stone.
The stone hits you.
You die...

..#
#.....†...##.###.............
..#
#...####...#.#...gg##........
..#
#.#....#...#.#.#K#.###.......
..# #.####.#.......r.#.#
#.......
..###+####....##.#.###.#
#.......
..##....####..##.g.....#
#....... ..##....#
#......###### #####...
..##....####..##..# ###
..##....'.....##@#########
..##....#####...>.........
######### ####.#######..
################.#
..^..............#
..################ #.# ####
#.## ######..# ##.###
#...##..##


You could see a quokka, a hobgoblin, a goblin and a kobold.

Vanquished Creatures
  A dart slug (D:1)
  An endoplasm (D:1)
  A giant cockroach (D:1)
  2 hobgoblins (D:1)
  3 quokkas (D:1)
  A ball python (D:1)
  A bat (D:1)
  A frilled lizard (D:1)
  4 goblins (D:1)
  2 kobolds (D:1)
17 creatures vanquished.

Vanquished Creatures (others)
  25 foxfires (D:1)
25 creatures vanquished.

Grand Total: 42 creatures vanquished

Notes
Turn   | Place    | Note
-------+----------+-------------------------------------------
     0 | D:1      | Logoto the Hill Orc Fire Elementalist began the quest for
                  | the Orb.
     0 | D:1      | Reached XP level 1. HP: 14/14 MP: 3/3
   171 | D:1      | Reached XP level 2. HP: 11/20 MP: 0/4
   178 | D:1      | HP: 1/20 [dart slug/slug dart (5)]
   764 | D:1      | Reached skill level 4 in Fire Magic
   767 | D:1      | HP: 1/20 [hobgoblin/stone (3)]
   772 | D:1      | Hit by a stone thrown by a hobgoblin

Illustrated notes

Levels and vault maps discovered:
D:1:      dpeg_arrival_round_c, layout_basic, minmay_misc_feat_columns

Skill      XL: |  1  2 |
---------------+-------+-----
Fire Magic     | 4 |  4.0
Fighting       | |  0.1
Dodging        | |  1.7
Stealth        | |  1.6
Spellcasting   | |  1.6
Conjurations   | |  1.1

Action                   || total
-------------------------++-------
Melee: Club              ||    17
       Dagger            ||    22
       Punch             ||     1
 Cast: Foxfire           ||    16
 Stab: Sleeping          ||     1
Armor: Robe              ||     9
Dodge: Dodged            ||    48
